 Dungeon Crawl Stone Soup version 0.16.2-12-gd0ad4c3 (webtiles) character file.

41570 Kira the Unseen (level 13, -30/68 HPs)
             Began as a Spriggan Enchanter on Oct 21, 2015.
             Was a High Priest of Nemelex Xobeh.
             Killed from afar by a fire giant (49 damage)
             ... with a fireball
             ... on level 15 of the Dungeon.
             The game lasted 01:30:38 (17398 turns).

Kira the Unseen (Spriggan Enchanter)               Turns: 17398, Time: 01:30:38

Health: -30/68     AC:  7    Str:  4    XL:     13   Next: 80%
Magic:  31/35      EV: 26    Int: 22    God:    Nemelex Xobeh [*****.]
Gold:   975        SH:  0    Dex: 16    Spells: 3 memorised, 29 levels left

rFire  . . .     SeeInvis +     T - +3 dagger (speed)
rCold  . . .     Clarity  +     P - +0 robe (curse)
rNeg   . . .     SustAb   .     (shield restricted)
rPois  +         Gourm    .     O - +2 hat
rElec  .         Spirit   .     k - +2 cloak {rPois}
rCorr  .         Warding  .     (gloves unavailable)
rMut   .         Stasis   .     (boots unavailable)
MR     +++..                    w - amulet of clarity
Stlth  ++++++++..               (no ring)
                                K - ring of protection from magic

@: very quick, extremely resistant to hostile enchantments, extraordinarily
stealthy
A: unfitting armour, see invisible, herbivore 3, speed 3, slow metabolism 2
a: Triple Draw, Deal Four, Stack Five, Renounce Religion


You were on level 15 of the Dungeon.
You worshipped Nemelex Xobeh.
Nemelex Xobeh was extremely pleased with you.
You were not hungry.

You visited 2 branches of the dungeon, and saw 16 of its levels.

You collected 975 gold pieces.

Inventory:

Hand weapons
 T - a +3 dagger of speed (weapon)
Armour
 b - a +1 robe
 k - a +2 cloak of poison resistance (worn)
 O - a +2 hat (worn)
 P - a cursed +0 robe (worn)
Jewellery
 w - an amulet of clarity (around neck)
 A - an uncursed ring of protection from magic
 K - a ring of protection from magic (left hand)
Magical devices
 p - a wand of flame (33)
 y - a wand of magic darts (23)
 G - a wand of frost (23)
 J - a wand of paralysis (6)
 L - a wand of magic darts (19)
 V - a wand of disintegration (8)
Scrolls
 f - a scroll of remove curse {unknown}
 h - 12 scrolls of identify
 i - 4 scrolls of fear
 m - a scroll of recharging
 o - a scroll of noise {unknown}
 u - a scroll of acquirement {unknown}
 v - a scroll of enchant weapon
 B - 2 scrolls of blinking {unknown}
 E - 2 scrolls of silence {unknown}
 I - 2 scrolls of magic mapping {unknown}
 N - a scroll of holy word {unknown}
 X - a scroll of enchant armour {unknown}
Potions
 a - 3 potions of agility {unknown}
 c - a potion of magic {unknown}
 e - 7 potions of curing
 g - 3 potions of lignification {unknown}
 l - 3 potions of haste {unknown}
 n - a potion of berserk rage
 q - a potion of poison {unknown}
 s - 2 potions of resistance {unknown}
 t - 7 potions of heal wounds {unknown}
 x - a potion of ambrosia {unknown}
 z - 2 potions of brilliance {unknown}
 H - a potion of cure mutation {unknown}
Books
 j - a book of Summonings

   Spells                             Type                      Level
   a - Abjuration                     Summoning                    3
   b - Recall                         Summoning/Translocation      3
   c - Shadow Creatures               Summoning                    5
   d - Summon Demon                   Summoning                    5
   e - Summon Forest                  Summoning/Translocation      5
   f - Monstrous Menagerie            Summoning                    6
Miscellaneous
 C - a legendary deck of destruction
 F - a plain deck of destruction
 M - a plain deck of escape {drawn: 1}
 Q - a plain deck of destruction
Comestibles
 d - 5 bread rations
 r - 23 fruits


   Skills:
 + Level 7.9 Fighting
 + Level 5.5 Short Blades
 + Level 11.1 Dodging
 + Level 19.3 Stealth
 + Level 0.1 Unarmed Combat
 + Level 11.8 Spellcasting
 + Level 11.2 Hexes
 * Level 10.5 Evocations


You had 29 spell levels left.
You knew the following spells:

 Your Spells              Type           Power        Failure   Level  Hunger
a - Corona                Hex            ######.      1%          1    None
b - Ensorcelled Hibernat  Hex/Ice        #####.       1%          2    None
c - Confuse               Hex            ######..     1%          3    None


Dungeon Overview and Level Annotations

Branches:
Dungeon (15/15)            Temple (1/1) D:4            Lair (0/8) D:8
    Orc (0/4) D:12         Vaults (0/5) D:13
 Depths: D:15

Altars:
Ashenzari
Cheibriados
Dithmenos
Elyvilon
Fedhas
Gozag
Kikubaaqudgha
Makhleb
Nemelex Xobeh
Okawaru
Qazlal
Ru
Sif Muna
Trog
Vehumet
Xom
Yredelemnul
Zin
The Shining One

Shops:
D:13 (

Annotations:
D:8 exclusions: ice statue and 2 oklob saplings
D:15 2 runed doors


Innate Abilities, Weirdness & Mutations

You are tiny and cannot use many weapons and most armour.
You have supernaturally acute eyesight.
You are a herbivore.
You cover ground extremely quickly.
You need consume almost no food.


Message History

Aiming: Ensorcelled Hibernation
Press: ? - help, Shift-Dir - straight line, f - fire giant
Aim: a fire giant, wielding a great sword of flaming (chance 16%)
The fire giant resists with almost no effort.
Casting: Ensorcelled Hibernation
Confirm with . or Enter, or press ? or * to list all spells.
Aiming: Confuse
Press: ? - help, Shift-Dir - straight line, f/p - fire giant
Aim: a fire giant, wielding a great sword of flaming (chance 26%)
The fire giant easily resists.
The fire giant gestures at you while chanting.
The fireball explodes!
The fireball engulfs you!
* * * LOW HITPOINT WARNING * * *
Drink which item? (? for menu, Esc to quit)
You feel better. The fire giant casts a spell at you.
The fireball explodes!
The fireball engulfs you!
Ouch! That really hurt!
You die...
Your body glows with a rainbow of weird colours and disappears.

#.##...8####8....#
#.##.............#
######.###.#####.##...#
.......###.# #....# #
...........# #C####
####...##### #.#
#.....# #.# #..[..# #.#
#.....# #@# ##...## #.#
##..## #.# #...# #.#
#.#.# #.# #.#.# #.#
#.#.# #.# #.#.# #.# ###
#.#.# #.#


You could see a fire giant.

Vanquished Creatures
  A tengu reaver (D:14)
  A fire dragon (D:14)
  Harold (D:13)
  2 centaur warriors (D:13)
  A deep troll earth mage (D:14)
  A tengu warrior (D:13)
  The ghost of bezhaha the Spear-Bearer, an experienced DsAK of Lugonu (D:10)
  Urug (D:12)
  Erolcha (D:13)
  2 skeletal warriors
  2 unseen horrors
  2 hill giants
  2 orc knights
  6 ugly things
  A cyclops (D:12)
  A centaur zombie (D:12)
  Joseph (D:7)
  A komodo dragon (D:11)
  A kobold demonologist (D:13)
  2 efreet
  2 wandering mushrooms (D:8)
  A wind drake (shapeshifter) (D:13)
  4 trolls
  5 two-headed ogres
  4 slime creatures (D:14)
  3 ravens (D:13)
  A trapdoor spider zombie (D:14)
  A vampire (D:12)
  11 yaks
  4 wyverns
  A deep elf mage (D:7)
  7 vampire mosquitoes
  3 hungry ghosts
  A fire bat (D:11)
  2 hippogriffs
  2 humans (D:9)
  2 steam dragons
  A mottled dragon (D:14)
  Edmund (D:6)
  A water moccasin (D:14)
  A swamp drake (D:10)
  5 black bears
  5 sky beasts
  3 ice beasts
  9 ogres
  A necrophage (D:9)
  3 phantoms
  9 orc warriors
  14 centaurs
  A boggart (D:11)
  Sigmund (D:5)
  12 giant frogs
  A gnoll sergeant (D:9)
  Blork the orc (D:4)
  5 big kobolds
  A water moccasin skeleton (D:5)
  2 wyvern skeletons
  2 scorpions
  8 killer bees
  4 wights (D:12)
  6 crimson imps
  2 giant frog zombies
  4 orc priests
  2 goliath beetles
  3 giant frog skeletons
  8 hounds
  A jelly (D:13)
  A quasit (D:10)
  4 centaur skeletons
  14 orc wizards
  4 iguanas
  10 worker ants
  14 gnolls
  18 adders
  A shadow imp (D:10)
  4 giant mites
  2 worms (D:2)
  An adder zombie (D:7)
  5 giant geckos
  An ooze (D:1)
  55 orcs
  A bat skeleton (D:4)
  7 giant cockroaches
  9 goblins
  14 hobgoblins
  11 jackals
  27 kobolds
  2 ball pythons
  16 bats
  2 giant newts
  3 giant spores
  A goblin zombie (D:4)
  5 quokkas
  21 rats
  A rat zombie (D:4)
  6 ballistomycetes
462 creatures vanquished.

Vanquished Creatures (collateral kills)
  An ogre mage (D:13)
  4 skeletal warriors (D:14)
5 creatures vanquished.

Vanquished Creatures (others)
  3 yaktaurs (D:14)
  A killer bee (D:14)
  An orc wizard (D:15)
  A bat (D:9)
  A kobold (D:10)
  A ballistomycete (D:8)
8 creatures vanquished.

Grand Total: 475 creatures vanquished

Notes
Turn   | Place    | Note
--------------------------------------------------------------
     0 | D:1      | Kira, the Spriggan Enchanter, began the quest for the Orb.
     0 | D:1      | Reached XP level 1. HP: 9/9 MP: 4/4
   420 | D:1      | Reached XP level 2. HP: 8/13 MP: 7/7
   435 | D:1      | Learned a level 2 spell: Ensorcelled Hibernation
  1051 | D:1      | Reached skill level 5 in Stealth
  1498 | D:2      | Reached XP level 3. HP: 13/16 MP: 9/9
  2198 | D:2      | Reached XP level 4. HP: 21/21 MP: 11/13
  2224 | D:2      | Learned a level 3 spell: Confuse
  2231 | D:2      | HP: 1/21 [worm (7)]
  2253 | D:2      | HP: 1/21 [rat (1)]
  3229 | D:4      | Reached skill level 6 in Stealth
  3229 | D:4      | Reached XP level 5. HP: 12/24 MP: 13/16
  3270 | D:4      | Found a shattered altar of Ashenzari.
  3318 | D:4      | Reached skill level 5 in Dodging
  3377 | D:4      | Noticed an ogre
  3404 | D:4      | Killed an ogre
  3404 | D:4      | Reached skill level 7 in Stealth
  3404 | D:4      | Reached skill level 5 in Hexes
  3404 | D:4      | Reached XP level 6. HP: 24/28 MP: 5/20
  3455 | D:4      | Noticed Blork the orc
  3465 | D:4      | Killed Blork the orc
  3503 | D:4      | Reached skill level 8 in Stealth
  3564 | D:4      | Found a sand-covered staircase.
  3771 | D:4      | Noticed an orc warrior
  3774 | D:4      | Killed an orc warrior
  3778 | D:4      | Reached XP level 7. HP: 32/32 MP: 13/21
  4638 | D:4      | Found a staircase to the Ecumenical Temple.
  4798 | Temple   | Entered the Ecumenical Temple
  4819 | Temple   | Became a worshipper of Nemelex Xobeh the Trickster
  4854 | Temple   | Received a gift from Nemelex Xobeh
  5064 | D:5      | Entered Level 5 of the Dungeon
  5171 | D:5      | Reached skill level 1 in Fighting
  5171 | D:5      | Reached skill level 9 in Stealth
  5824 | D:5      | Found a bloodstained altar of Trog.
  6110 | D:5      | Noticed Sigmund
  6114 | D:5      | Killed Sigmund
  6114 | D:5      | Reached skill level 10 in Stealth
  6114 | D:5      | Reached skill level 5 in Spellcasting
  6310 | D:6      | Reached XP level 8. HP: 37/37 MP: 24/24
  6522 | D:6      | Noticed Edmund
  6533 | D:6      | Killed Edmund
  7003 | D:7      | Received a gift from Nemelex Xobeh
  7170 | D:7      | Reached skill level 11 in Stealth
  7229 | D:7      | Noticed Joseph
  7244 | D:7      | Killed Joseph
  7272 | D:7      | Found a blossoming altar of Fedhas.
  7426 | D:7      | Reached XP level 9. HP: 26/41 MP: 24/27
  7449 | D:7      | Found a radiant altar of Vehumet.
  7681 | D:7      | Reached skill level 12 in Stealth
  8012 | D:8      | Received a gift from Nemelex Xobeh
  8316 | D:8      | Found a staircase to the Lair.
  8456 | D:8      | Received a gift from Nemelex Xobeh
  8461 | D:8      | Reached skill level 13 in Stealth
  8794 | D:8      | Identified the Collected Works on the Excruciating Blaze
  8974 | D:8      | Found a blossoming altar of Fedhas.
  9494 | D:8      | Noticed an ice statue
  9504 | D:8      | Reached XP level 10. HP: 46/46 MP: 26/29
  9880 | D:9      | Found an iron altar of Okawaru.
 10014 | D:9      | Acquired Nemelex Xobeh's first power
 10155 | D:9      | Received a gift from Nemelex Xobeh
 10243 | D:9      | Reached skill level 14 in Stealth
 10285 | D:9      | Found a glowing silver altar of Zin.
 10552 | D:10     | Entered Level 10 of the Dungeon
 10595 | D:10     | Received a gift from Nemelex Xobeh
 10871 | D:10     | Noticed an unseen horror
 10874 | D:10     | Killed an unseen horror
 10875 | D:10     | Noticed a hill giant
 10899 | D:10     | Killed a hill giant
 10899 | D:10     | Reached skill level 15 in Stealth
 10926 | D:10     | Reached skill level 1 in Evocations
 10999 | D:10     | Reached XP level 11. HP: 49/59 MP: 28/32
 11019 | D:10     | Noticed bezhaha's ghost (experienced DsAK)
 11068 | D:10     | Killed bezhaha's ghost
 11068 | D:10     | Reached XP level 12. HP: 61/64 MP: 22/32
 11368 | D:11     | Acquired Nemelex Xobeh's second power
 11368 | D:11     | Received a gift from Nemelex Xobeh
 11490 | D:10     | Reached skill level 16 in Stealth
 12300 | D:12     | Reached skill level 10 in Spellcasting
 12596 | D:12     | Reached skill level 10 in Dodging
 12802 | D:12     | Reached skill level 17 in Stealth
 12812 | D:12     | Noticed Urug
 12815 | D:12     | Reached skill level 5 in Evocations
 12821 | D:12     | Killed Urug
 12907 | D:12     | Found a staircase to the Orcish Mines.
 13109 | D:13     | Noticed Erolcha
 13198 | D:13     | Killed Erolcha
 13240 | D:13     | Noticed an ogre mage
 13380 | D:13     | Received a gift from Nemelex Xobeh
 13440 | D:13     | Found Zaiwuw's Weapon Shop.
 13489 | D:13     | Reached skill level 10 in Hexes
 13799 | D:13     | Noticed Harold
 13821 | D:13     | Killed Harold
 13861 | D:13     | Noticed a centaur warrior
 13881 | D:13     | Killed a centaur warrior
 13977 | D:13     | Reached skill level 18 in Stealth
 14309 | D:13     | Killed an ogre mage
 14416 | D:13     | Reached XP level 13. HP: 60/68 MP: 30/34
 14578 | D:13     | Noticed a centaur warrior
 14580 | D:13     | Killed a centaur warrior
 14819 | D:13     | Reached skill level 5 in Short Blades
 14903 | D:13     | Found a gate to the Vaults.
 15733 | D:14     | Received a gift from Nemelex Xobeh
 15972 | D:14     | Acquired Nemelex Xobeh's third power
 16434 | D:14     | Found a runed door.
 16434 | D:14     | Noticed a tengu reaver
 16523 | D:14     | Killed a tengu reaver
 16523 | D:14     | Reached skill level 19 in Stealth
 16848 | D:14     | Reached skill level 10 in Evocations
 17192 | D:15     | Entered Level 15 of the Dungeon
 17335 | D:15     | Received a gift from Nemelex Xobeh
 17353 | D:15     | Found a large runed door.
 17353 | D:15     | Found a large runed door.
 17354 | D:15     | Noticed a fire giant
 17398 | D:15     | Killed from afar by a fire giant

Action                   |  1- 3 |  4- 6 |  7- 9 | 10-12 | 13-15 || total
-------------------------+-------+-------+-------+-------+-------++-------
Melee: Dagger            |   152 |   127 |   417 |   448 |   168 ||  1312
       Unarmed           |       |       |       |       |     8 ||     8
 Cast: Corona            |     2 |       |       |       |       ||     2
       Ensorcelled Hiber |    17 |    31 |   105 |   182 |    62 ||   397
       Confuse           |       |     7 |    12 |    33 |    30 ||    82
Evoke: Wand              |       |       |     1 |     2 |       ||     3
       Deck              |       |       |       |     3 |    43 ||    46
  Use: Scroll            |       |       |       |     8 |       ||     8
       Potion            |       |       |       |     5 |     1 ||     6
 Stab: Sleeping          |    11 |    37 |    80 |   135 |    51 ||   314
       Confused          |       |     2 |     5 |    35 |    24 ||    66
       Distracted        |       |       |     3 |       |       ||     3
  Eat: Bread ration      |       |     1 |     1 |     1 |     1 ||     4
       Pizza             |       |       |     2 |       |       ||     2
